WCHLSIM.com - West Coast Hockey League
html PUBLIC "-//W3C//DTD XHTML 1.0 Transitional//EN" "http://www.w3.org/TR/xhtml1/DTD/xhtml1-transitional.dtd"> WCHL - Game 96 - COLORADO GLACIERCATS vs SALEM BLACK JAYS

COLORADO GLACIERCATS vs SALEM BLACK JAYS

Created - 16 octobre 2019 at 19:27

Goals
1 2 3 T
COLORADO GLACIERCATS 3 1 1 5
SALEM BLACK JAYS 3 0 1 4
Shots
1 2 3 T
COLORADO GLACIERCATS 10 12 13 35
SALEM BLACK JAYS 8 10 8 26

1st period

1. COLORADO GLACIERCATS , Patrice Bergeron 6 (Artemi Panarin 10) at 1:05
2. COLORADO GLACIERCATS , Ben Lovejoy 1 (Devin Shore 2, Patrice Bergeron 7) at 8:17
3. SALEM BLACK JAYS , Casey Cizikas 1 (Dylan Larkin 2, Joshua Morrissey 2) at 9:00
4. SALEM BLACK JAYS , Casey Cizikas 2 (Dylan Larkin 3, Trevor Lewis 1) at 9:33
5. SALEM BLACK JAYS , Zach Bogosian 1 (Mitchell Marner 8, Mathew Barzal 6) at 11:39
6. COLORADO GLACIERCATS , Patrice Bergeron 7 (Artemi Panarin 11, Shea Weber 2) at 12:11

Penalties :
Kyle Clifford (SAL) for Hooking (Minor) at 4:01

2nd period

7. COLORADO GLACIERCATS , Ryan Ellis 1 (Shea Weber 3, Artemi Panarin 12) at 19:39

Penalties :
Matthew Calvert (SAL) for Hooking (Minor) at 2:44, Scott Mayfield (SAL) for Holding (Minor) at 16:03

3rd period

8. SALEM BLACK JAYS , Mitchell Marner 5 (Joshua Morrissey 3) at 2:00
9. COLORADO GLACIERCATS , Patrice Bergeron 8 (Artemi Panarin 13, Ben Lovejoy 1) at 3:51

Penalties :
Zach Bogosian (SAL) for Holding (Minor) at 9:30, Zachary Sanford (COL) for Holding (Minor) at 9:30

Goalie Stats

Pekka Rinne (COL), 22 saves from 26 shots - (0,846), W, 6-0-1, 60:00 minutes
Juuse Saros (SAL), 30 saves from 35 shots - (0,857), L, 1-1-0, 60:00 minutes

Players Stats for COLORADO GLACIERCATS

Player Name              G  A  P  +/- PIM S  H  SB GA TA FO     MP     PP MP  PK MP  
------------------------------------------------------------------------------------
Artemi Panarin           0  4  4   4  0   5  1  0  0  0  1/3    21:39   3:35   0:00 
Ben Lovejoy              1  1  2   1  0   1  0  1  0  0  0/0    15:10   0:00   0:00 
Carl Hagelin             0  0  0  -1  0   2  0  0  0  0  0/0    12:34   0:00   0:00 
Devin Shore              0  1  1   4  0   0  2  1  0  0  0/1    16:53   0:00   0:00 
Ilya Lyubushkin          0  0  0   1  0   0  2  0  0  0  0/0    11:26   0:00   0:00 
Jay Beagle               0  0  0  -1  0   0  0  0  0  0  3/6     5:38   0:18   0:00 
Joe Pavelski             0  0  0  -1  0   5  2  1  0  0  0/0    21:53   3:17   0:00 
John Klingberg           0  0  0  -1  0   0  0  1  0  0  0/0    24:07   3:15   0:00 
Jordan Staal             0  0  0  -1  0   1  0  0  0  0  12/20  14:25   2:22   0:00 
Lucas Wallmark           0  0  0  -1  0   0  2  0  0  0  13/22  18:05   0:00   0:00 
Mark Giordano            0  0  0  -1  0   1  0  0  0  0  0/0    25:03   3:15   0:00 
Patrice Bergeron         3  1  4   4  0   10 2  0  0  0  21/31  22:10   3:35   0:00 
Paul Byron               0  0  0  -1  0   1  1  0  0  0  0/1    19:39   2:22   0:00 
Ryan Ellis               1  0  1   1  0   3  0  1  0  0  0/0    24:02   2:42   0:00 
Shea Weber               0  2  2   1  0   2  0  1  0  0  0/0    20:12   2:42   0:00 
Tom Pyatt                0  0  0  -1  0   0  1  0  0  0  0/0     5:20   0:00   0:00 
Zach Aston-Reese         0  0  0  -1  0   3  3  0  0  0  0/0    14:25   2:22   0:00 
Zachary Sanford          0  0  0  -1  2   1  0  0  0  0  0/1     5:19   0:00   0:00 

Players Stats for SALEM BLACK JAYS

Player Name              G  A  P  +/- PIM S  H  SB GA TA FO     MP     PP MP  PK MP  
------------------------------------------------------------------------------------
Adam Larsson             0  0  0   3  0   0  0  2  0  0  0/0    16:31   0:00   1:25 
Anthony DeAngelo         0  0  0   0  0   0  0  0  0  0  0/0     0:04   0:00   0:00 
Casey Cizikas            2  0  2   2  0   4  3  0  0  0  10/19  12:29   0:00   3:22 
Cody Ceci                0  0  0   0  0   1  2  1  0  0  0/0    23:47   0:00   2:50 
Dylan Larkin             0  2  2   1  0   7  0  0  0  0  15/25  27:31   0:00   2:09 
Filip Chytil             0  0  0  -1  0   0  0  0  0  0  2/13   11:08   0:00   0:00 
Jason Demers             0  0  0   0  0   0  0  0  0  0  0/0     0:00   0:00   0:00 
Joshua Morrissey         0  2  2   3  0   0  3  2  0  0  0/0    20:05   0:00   2:50 
Kyle Clifford            0  0  0  -1  2   0  0  0  0  0  0/0    12:50   0:00   1:07 
Mathew Barzal            0  1  1  -1  0   3  0  1  0  0  7/25   17:45   0:00   0:48 
Matthew Calvert          0  0  0  -1  2   0  0  1  0  0  1/1    21:08   0:00   2:19 
Michal Kempny            0  0  0  -4  0   0  3  0  0  0  0/0    18:20   0:00   0:00 
Mikko Rantanen           0  0  0  -1  0   4  0  0  0  0  0/2    16:51   0:00   0:00 
Mitchell Marner          1  1  2  -2  0   5  0  2  0  0  0/0    28:15   0:00   2:09 
Par Lindholm             0  0  0  -1  0   1  1  0  0  0  0/0    14:58   0:00   0:00 
Scott Mayfield           0  0  0  -4  2   0  2  1  0  0  0/0    21:16   0:00   1:42 
Trevor Lewis             0  1  1   2  0   0  0  0  0  0  0/0     9:07   0:00   0:00 
Zach Bogosian            1  0  1   0  2   1  0  3  0  0  0/0    19:55   0:00   3:07 

3 Stars

1 - Patrice Bergeron (COL)
2 - Artemi Panarin (COL)
3 - Casey Cizikas (SAL)

Power Play

COLORADO GLACIERCATS - 0 on 3 Attempt(s) - 0,00%
SALEM BLACK JAYS - 0 on 0 Attempt(s) - 0,00%

Penalty Kill

COLORADO GLACIERCATS - 0 on 0 Attempt(s) - 0,00% - Score 0 goal in Penalty Kill
SALEM BLACK JAYS - 3 on 3 Attempt(s) - 100,00% - Score 0 goal in Penalty Kill

Team Stat

COLORADO GLACIERCATS - Hits : 16 - Faceoff Wins : 50 - Blocked Shots : 6 - Penalty Minutes : 2
SALEM BLACK JAYS - Hits : 14 - Faceoff Wins : 35 - Blocked Shots : 13 - Penalty Minutes : 8

Official

Referees : Chris Brown and Gord Dwyer
Linesman : Frank Murphy and Nicholas Briganti

Game Notes

Patrice Bergeron has scored a Hat Trick!

Finance

Level 1 -- Attendance: 6000 (100,00%) -- Ticket Income 660 000 $
Level 2 -- Attendance: 5000 (100,00%) -- Ticket Income 350 000 $
Level 3 -- Attendance: 2000 (100,00%) -- Ticket Income 90 000 $
Level 4 -- Attendance: 4000 (100,00%) -- Ticket Income 140 000 $
Luxury Box -- Attendance: 1000 (100,00%) -- Ticket Income 210 000 $
Game was played at the Demon Arena.
Total Attendance: 18000 (100,00%)
Total Ticket Income: 1 450 000 $
Other Income: 435 000 $
Total Income: 1 885 000 $

COLORADO GLACIERCATS

5 vs 5 Forward 
   Center                   Left Wing                Right Wing               Time % Phy DF OF 
 1 Patrice Bergeron         Artemi Panarin           Devin Shore              35     0   2  3  
 2 Lucas Wallmark           Paul Byron               Joe Pavelski             35     0   2  3  
 3 Jordan Staal             Carl Hagelin             Zach Aston-Reese         25     0   2  3  
 4 Jay Beagle               Zachary Sanford          Tom Pyatt                5      0   1  4  

5 vs 5 Defense 
   Defense                  Defense                                           Time % Phy DF OF 
 1 Mark Giordano            John Klingberg                                    34     0   1  4  
 2 Ryan Ellis               Shea Weber                                        34     0   2  3  
 3 Ben Lovejoy              Ilya Lyubushkin                                   20     1   3  1  
 4 Ben Lovejoy              Ryan Ellis                                        12     0   3  2  

PowerPlay Forward 
   Center                   Left Wing                Right Wing               Time % Phy DF OF 
 1 Patrice Bergeron         Artemi Panarin           Joe Pavelski             60     0   1  4  
 2 Jordan Staal             Zach Aston-Reese         Paul Byron               40     0   1  4  

PowerPlay Defense
   Defense                  Defense                                           Time % Phy DF OF 
 1 Mark Giordano            John Klingberg                                    60     0   0  5  
 2 Shea Weber               Ryan Ellis                                        40     0   1  4  

Penalty Kill 4 Players Forward 
   Center                   Wing                     Time % Phy DF OF 
 1 Lucas Wallmark           Carl Hagelin             50     1   3  1  
 2 Jay Beagle               Zach Aston-Reese         50     1   3  1  

Penalty Kill 4 Players Defense
   Defense                  Defense                  Time % Phy DF OF 
 1 Mark Giordano            Shea Weber               50     0   4  1  
 2 Ben Lovejoy              Ryan Ellis               50     0   4  1  

Penalty Kill - 3 Players Forward 
   Forward                                           Time % Phy DF OF 
 1 Joe Pavelski                                      55     0   5  0  
 2 Patrice Bergeron                                  45     0   5  0  

Penalty Kill - 3 Players Defense
   Defense                  Defense                  Time % Phy DF OF 
 1 Mark Giordano            Shea Weber               50     0   5  0  
 2 Ryan Ellis               Ben Lovejoy              50     0   5  0  

4 vs 4 Forward 
   Center                   Wing                     Time % Phy DF OF 
 1 Patrice Bergeron         Artemi Panarin           50     0   1  4  
 2 Lucas Wallmark           Joe Pavelski             50     0   1  4  

4 vs 4 Defense
   Defense                  Defense                  Time % Phy DF OF 
 1 Shea Weber               Mark Giordano            50     0   3  2  
 2 John Klingberg           Ryan Ellis               50     0   3  2  

Last Minutes Offensive
   Center                   Left Wing                Right Wing               Defense                  Defense                  
   Patrice Bergeron         Artemi Panarin           Joe Pavelski             John Klingberg           Mark Giordano            

Last Minutes Defensive
   Center                   Left Wing                Right Wing               Defense                  Defense                  
   Patrice Bergeron         Carl Hagelin             Joe Pavelski             Mark Giordano            Ryan Ellis               

Goaltenders
Starting : Pekka Rinne              
Backup : David Rittich            

Extra Forwards
Normal : Artemi Panarin, Patrice Bergeron, Joe Pavelski - PP : Artemi Panarin, Joe Pavelski - PK : Patrice Bergeron
Extra Defensemen
Normal : John Klingberg, Ryan Ellis, Shea Weber - PP : John Klingberg - PK : John Klingberg, Ilya Lyubushkin
Penalty Shots
Artemi Panarin, Patrice Bergeron, Joe Pavelski, Devin Shore, Paul Byron
Custom OT Lines Forwards
Artemi Panarin, Patrice Bergeron, Joe Pavelski, Paul Byron, Lucas Wallmark, Carl Hagelin, Jordan Staal, Zach Aston-Reese, Jay Beagle, Devin Shore
Custom OT Lines Defensemen
Mark Giordano, Ryan Ellis, Shea Weber, John Klingberg, Ben Lovejoy

Scratches
Brayden Schenn (Separated Right Shoulder Injury), Etienne Marcoux (Healthy)

SALEM BLACK JAYS

5 vs 5 Forward 
   Center                   Left Wing                Right Wing               Time % Phy DF OF 
 1 Dylan Larkin             Matthew Calvert          Mikko Rantanen           36     0   1  4  
 2 Mathew Barzal            Par Lindholm             Mitchell Marner          31     0   1  4  
 3 Casey Cizikas            Trevor Lewis             Dylan Larkin             23     1   2  2  
 4 Filip Chytil             Kyle Clifford            Mitchell Marner          10     1   3  1  

5 vs 5 Defense 
   Defense                  Defense                                           Time % Phy DF OF 
 1 Zach Bogosian            Cody Ceci                                         36     1   2  2  
 2 Michal Kempny            Scott Mayfield                                    31     1   2  2  
 3 Adam Larsson             Joshua Morrissey                                  23     1   2  2  
 4 Joshua Morrissey         Cody Ceci                                         10     1   2  2  

PowerPlay Forward 
   Center                   Left Wing                Right Wing               Time % Phy DF OF 
 1 Dylan Larkin             Matthew Calvert          Casey Cizikas            55     1   2  2  
 2 Mathew Barzal            Par Lindholm             Mitchell Marner          45     1   2  2  

PowerPlay Defense
   Defense                  Defense                                           Time % Phy DF OF 
 1 Joshua Morrissey         Michal Kempny                                     55     1   2  2  
 2 Scott Mayfield           Adam Larsson                                      45     1   2  2  

Penalty Kill 4 Players Forward 
   Center                   Wing                     Time % Phy DF OF 
 1 Casey Cizikas            Matthew Calvert          55     1   2  2  
 2 Dylan Larkin             Mitchell Marner          45     1   2  2  

Penalty Kill 4 Players Defense
   Defense                  Defense                  Time % Phy DF OF 
 1 Joshua Morrissey         Cody Ceci                55     1   2  2  
 2 Scott Mayfield           Zach Bogosian            45     1   2  2  

Penalty Kill - 3 Players Forward 
   Forward                                           Time % Phy DF OF 
 1 Dylan Larkin                                      55     1   2  2  
 2 Mitchell Marner                                   45     1   2  2  

Penalty Kill - 3 Players Defense
   Defense                  Defense                  Time % Phy DF OF 
 1 Joshua Morrissey         Cody Ceci                55     1   2  2  
 2 Scott Mayfield           Zach Bogosian            45     1   2  2  

4 vs 4 Forward 
   Center                   Wing                     Time % Phy DF OF 
 1 Mathew Barzal            Matthew Calvert          55     1   2  2  
 2 Dylan Larkin             Mitchell Marner          45     1   2  2  

4 vs 4 Defense
   Defense                  Defense                  Time % Phy DF OF 
 1 Cody Ceci                Zach Bogosian            55     1   2  2  
 2 Scott Mayfield           Adam Larsson             45     1   2  2  

Last Minutes Offensive
   Center                   Left Wing                Right Wing               Defense                  Defense                  
   Dylan Larkin             Mathew Barzal            Mitchell Marner          Joshua Morrissey         Cody Ceci                

Last Minutes Defensive
   Center                   Left Wing                Right Wing               Defense                  Defense                  
   Mitchell Marner          Mathew Barzal            Mikko Rantanen           Joshua Morrissey         Cody Ceci                

Goaltenders
Starting : Juuse Saros              
Backup : Mike Smith               

Extra Forwards
Normal : Mitchell Marner, Mathew Barzal, Dylan Larkin - PP : Mitchell Marner, Mathew Barzal - PK : Mathew Barzal
Extra Defensemen
Normal : Adam Larsson, Joshua Morrissey, Michal Kempny - PP : Adam Larsson - PK : Scott Mayfield, Adam Larsson
Penalty Shots
Dylan Larkin, Mitchell Marner, Mikko Rantanen, Mathew Barzal, Casey Cizikas
Custom OT Lines Forwards
Mitchell Marner, Mikko Rantanen, Mathew Barzal, Dylan Larkin, Casey Cizikas, Matthew Calvert, Filip Chytil, Par Lindholm, Kyle Clifford, Trevor Lewis
Custom OT Lines Defensemen
Cody Ceci, Joshua Morrissey, Michal Kempny, Scott Mayfield, Zach Bogosian

Scratches
Andrew Welinski (Healthy), Calle Rosen (Healthy), Brett Ritchie (Healthy), Curtis Lazar (Healthy), Devante Stephens (Healthy)
Jimmy Schuldt (Healthy), Kevin Gravel (Healthy), Nicolas Kerdiles (Healthy), Scott Kosmachuk (Healthy), Spencer Foo (Healthy)
Tobias Rieder (Healthy), Harri Sateri (Healthy)

% Time on Ice - COLORADO GLACIERCATS

Lines # - Real PCT - Wanted PCT - Time Play
Normal Forward
1 - 33% - 35% - 16:53
2 - 34% - 35% - 17:17
3 - 23% - 25% - 12:03
4 - 10% - 5% - 5:20
Normal Defense
1 - 39% - 34% - 20:04
2 - 32% - 34% - 16:19
3 - 22% - 20% - 11:26
4 - 7% - 12% - 3:44
PP Forward
1 - 60% - 60% - 3:35
2 - 40% - 40% - 2:22
PP Defense
1 - 55% - 60% - 3:15
2 - 45% - 40% - 2:42
PK Forward
1 - 0% - 50%
2 - 0% - 50%
PK Defense
1 - 0% - 50%
2 - 0% - 50%
PK3 Forward
1 - 0% - 55%
2 - 0% - 45%
PK3 Defense
1 - 0% - 50%
2 - 0% - 50%
44 Forward
1 - 60% - 50% - 1:11
2 - 40% - 50% - 0:48
44 Defense
1 - 43% - 50% - 0:51
2 - 57% - 50% - 1:08
Last Minute Offensive  - 0:00
Last Minute Defensive  - 0:31
Total
Forward - 60:00
Defense - 60:00

% Time on Ice - SALEM BLACK JAYS

Lines # - Real PCT - Wanted PCT - Time Play
Normal Forward
1 - 32% - 36% - 16:51
2 - 29% - 31% - 14:58
3 - 18% - 23% - 9:07
4 - 21% - 10% - 11:08
Normal Defense
1 - 32% - 36% - 16:49
2 - 35% - 31% - 18:00
3 - 26% - 23% - 13:27
4 - 7% - 10% - 3:48
PP Forward
1 - 0% - 55%
2 - 0% - 45%
PP Defense
1 - 0% - 55%
2 - 0% - 45%
PK Forward
1 - 64% - 55% - 3:48
2 - 36% - 45% - 2:09
PK Defense
1 - 48% - 55% - 2:50
2 - 52% - 45% - 3:07
PK3 Forward
1 - 0% - 55%
2 - 0% - 45%
PK3 Defense
1 - 0% - 55%
2 - 0% - 45%
44 Forward
1 - 100% - 55% - 1:59
2 - 0% - 45% - 0:00
44 Defense
1 - 17% - 55% - 0:20
2 - 83% - 45% - 1:39
Last Minute Offensive  - 0:00
Last Minute Defensive  - 0:00
Total
Forward - 60:00
Defense - 60:00

Play-by-Play

1st period


0:01 of 1st period - Dylan Larkin wins face-off versus Patrice Bergeron in neutral zone.
0:03 of 1st period - Off-side.
0:04 of 1st period - Lucas Wallmark wins face-off versus Mathew Barzal in neutral zone.
0:23 of 1st period - Icing by Mathew Barzal.
0:24 of 1st period - Jordan Staal wins face-off versus Mathew Barzal in SALEM BLACK JAYS zone.
0:39 of 1st period - Shot by Mathew Barzal.
0:39 of 1st period - Shot Misses the Net.
1:01 of 1st period - Icing by Mitchell Marner.
1:02 of 1st period - Patrice Bergeron wins face-off versus Mathew Barzal in SALEM BLACK JAYS zone.
1:05 of 1st period - Shot by Patrice Bergeron.
1:05 of 1st period - Goal by Patrice Bergeron - COLORADO GLACIERCATS : 1 - SALEM BLACK JAYS : 0.
1:06 of 1st period - Dylan Larkin wins face-off versus Patrice Bergeron in neutral zone.
1:09 of 1st period - Shot by Dylan Larkin.
1:09 of 1st period - Shot Misses the Net.
2:11 of 1st period - Shot by Joe Pavelski.
2:11 of 1st period - Stopped by Juuse Saros without a rebound.
2:12 of 1st period - Lucas Wallmark wins face-off versus Mathew Barzal in SALEM BLACK JAYS zone.
2:39 of 1st period - Icing by Shea Weber.
2:40 of 1st period - Lucas Wallmark wins face-off versus Casey Cizikas in COLORADO GLACIERCATS zone.
2:45 of 1st period - Michal Kempny is hit by Lucas Wallmark and loses puck.
2:51 of 1st period - Icing by Dylan Larkin.
2:52 of 1st period - Jay Beagle wins face-off versus Dylan Larkin in SALEM BLACK JAYS zone.
3:30 of 1st period - Shot by Casey Cizikas.
3:30 of 1st period - Shot Misses the Net.
3:40 of 1st period - Joshua Morrissey is hit by Tom Pyatt.
4:01 of 1st period - Minor Penalty to Kyle Clifford for Hooking.
4:02 of 1st period - Casey Cizikas wins face-off versus Patrice Bergeron in SALEM BLACK JAYS zone.
4:17 of 1st period - Shot by Artemi Panarin.
4:17 of 1st period - Stopped by Juuse Saros without a rebound.
4:18 of 1st period - Dylan Larkin wins face-off versus Jordan Staal in SALEM BLACK JAYS zone.
4:27 of 1st period - Dylan Larkin is hit by Zach Aston-Reese and loses puck.
5:56 of 1st period - Shot by Patrice Bergeron.
5:56 of 1st period - Stopped by Juuse Saros without a rebound.
5:57 of 1st period - Dylan Larkin wins face-off versus Jordan Staal in SALEM BLACK JAYS zone.
6:18 of 1st period - Shot by Jay Beagle.
6:18 of 1st period - Shot Misses the Net.
6:20 of 1st period - Shot by Zachary Sanford.
6:20 of 1st period - Stopped by Juuse Saros without a rebound.
6:21 of 1st period - Jordan Staal wins face-off versus Filip Chytil in SALEM BLACK JAYS zone.
8:15 of 1st period - Shot by Devin Shore.
8:15 of 1st period - Shot Blocked by Scott Mayfield.
8:17 of 1st period - Shot by Ben Lovejoy.
8:17 of 1st period - Goal by Ben Lovejoy - COLORADO GLACIERCATS : 2 - SALEM BLACK JAYS : 0.
8:18 of 1st period - Mathew Barzal wins face-off versus Patrice Bergeron in neutral zone.
8:23 of 1st period - Ben Lovejoy is hit by Par Lindholm and loses puck.
8:46 of 1st period - Shot by Artemi Panarin.
8:46 of 1st period - Shot Misses the Net.
8:48 of 1st period - Shot by Ben Lovejoy.
8:48 of 1st period - Deflect By Artemi Panarin.
8:48 of 1st period - Stopped by Juuse Saros without a rebound.
8:49 of 1st period - Casey Cizikas wins face-off versus Zachary Sanford in SALEM BLACK JAYS zone.
9:00 of 1st period - Shot by Casey Cizikas.
9:00 of 1st period - Goal by Casey Cizikas - COLORADO GLACIERCATS : 2 - SALEM BLACK JAYS : 1.
9:01 of 1st period - Jordan Staal wins face-off versus Filip Chytil in neutral zone.
9:13 of 1st period - Icing by Mark Giordano.
9:14 of 1st period - Jordan Staal wins face-off versus Casey Cizikas in COLORADO GLACIERCATS zone.
9:33 of 1st period - Shot by Casey Cizikas.
9:33 of 1st period - Goal by Casey Cizikas - COLORADO GLACIERCATS : 2 - SALEM BLACK JAYS : 2.
9:34 of 1st period - Patrice Bergeron wins face-off versus Mathew Barzal in neutral zone.
9:54 of 1st period - Shot by Mitchell Marner.
9:54 of 1st period - Stopped by Pekka Rinne without a rebound.
9:55 of 1st period - Lucas Wallmark wins face-off versus Mikko Rantanen in COLORADO GLACIERCATS zone.
10:02 of 1st period - Shot by Dylan Larkin.
10:02 of 1st period - Deflect By Mikko Rantanen.
10:02 of 1st period - Shot Misses the Net.
10:12 of 1st period - Shot by Joe Pavelski.
10:12 of 1st period - Shot Misses the Net.
10:14 of 1st period - Shot by Paul Byron.
10:14 of 1st period - Shot Blocked by Adam Larsson.
11:37 of 1st period - Shot by Mitchell Marner.
11:37 of 1st period - Shot Misses the Net.
11:39 of 1st period - Shot by Zach Bogosian.
11:39 of 1st period - Goal by Zach Bogosian - COLORADO GLACIERCATS : 2 - SALEM BLACK JAYS : 3.
11:40 of 1st period - Patrice Bergeron wins face-off versus Filip Chytil in neutral zone.
12:11 of 1st period - Shot by Patrice Bergeron.
12:11 of 1st period - Goal by Patrice Bergeron - COLORADO GLACIERCATS : 3 - SALEM BLACK JAYS : 3.
12:12 of 1st period - Casey Cizikas wins face-off versus Jordan Staal in neutral zone.
12:41 of 1st period - Shot by Casey Cizikas.
12:41 of 1st period - Stopped by Pekka Rinne with a rebound.
12:43 of 1st period - Shot by Cody Ceci.
12:43 of 1st period - Stopped by Pekka Rinne with a rebound.
13:04 of 1st period - Icing by Zach Aston-Reese.
13:05 of 1st period - Mathew Barzal wins face-off versus Jordan Staal in COLORADO GLACIERCATS zone.
13:26 of 1st period - Shot by Par Lindholm.
13:26 of 1st period - Stopped by Pekka Rinne without a rebound.
13:27 of 1st period - Patrice Bergeron wins face-off versus Filip Chytil in COLORADO GLACIERCATS zone.
14:54 of 1st period - Shot by Joe Pavelski.
14:54 of 1st period - Shot Misses the Net.
16:11 of 1st period - Jay Beagle is hit by Scott Mayfield and loses puck.
16:40 of 1st period - Shot by Patrice Bergeron.
16:40 of 1st period - Stopped by Juuse Saros without a rebound.
16:41 of 1st period - Dylan Larkin wins face-off versus Jordan Staal in SALEM BLACK JAYS zone.
17:06 of 1st period - Shot by Dylan Larkin.
17:06 of 1st period - Stopped by Pekka Rinne without a rebound.
17:07 of 1st period - Patrice Bergeron wins face-off versus Mathew Barzal in COLORADO GLACIERCATS zone.
17:18 of 1st period - Shot by Artemi Panarin.
17:18 of 1st period - Shot Blocked by Cody Ceci.
17:38 of 1st period - Shot by Artemi Panarin.
17:38 of 1st period - Shot Blocked by Zach Bogosian.
17:45 of 1st period - Off-side.
17:46 of 1st period - Lucas Wallmark wins face-off versus Casey Cizikas in neutral zone.
17:46 of 1st period - Joe Pavelski is hit by Casey Cizikas and loses puck.
17:54 of 1st period - Joe Pavelski is hit by Michal Kempny and loses puck.
18:36 of 1st period - Mark Giordano is hit by Joshua Morrissey and loses puck.
19:39 of 1st period - Shot by Artemi Panarin.
19:39 of 1st period - Stopped by Juuse Saros with a rebound.
19:50 of 1st period - Icing by Ben Lovejoy.
19:51 of 1st period - Patrice Bergeron wins face-off versus Mikko Rantanen in COLORADO GLACIERCATS zone.
Goals for this period are 3 for COLORADO GLACIERCATS vs 3 for SALEM BLACK JAYS.
Shots for this period are 10 for COLORADO GLACIERCATS vs 8 for SALEM BLACK JAYS.

2nd period


0:01 of 2nd period - Artemi Panarin wins face-off versus Dylan Larkin in neutral zone.
0:36 of 2nd period - Shot by Mikko Rantanen.
0:36 of 2nd period - Shot Misses the Net.
0:41 of 2nd period - Icing by Ben Lovejoy.
0:42 of 2nd period - Patrice Bergeron wins face-off versus Mathew Barzal in COLORADO GLACIERCATS zone.
0:55 of 2nd period - Shot by Patrice Bergeron.
0:55 of 2nd period - Shot Misses the Net.
1:07 of 2nd period - Shot by Mathew Barzal.
1:07 of 2nd period - Shot Misses the Net.
1:17 of 2nd period - Shot by Mitchell Marner.
1:17 of 2nd period - Deflect By Mathew Barzal.
1:17 of 2nd period - Shot Blocked by Joe Pavelski.
2:22 of 2nd period - Shot by Dylan Larkin.
2:22 of 2nd period - Stopped by Pekka Rinne without a rebound.
2:23 of 2nd period - Jordan Staal wins face-off versus Casey Cizikas in COLORADO GLACIERCATS zone.
2:36 of 2nd period - Shot by Jordan Staal.
2:36 of 2nd period - Stopped by Juuse Saros without a rebound.
2:37 of 2nd period - Dylan Larkin wins face-off versus Patrice Bergeron in SALEM BLACK JAYS zone.
2:44 of 2nd period - Minor Penalty to Matthew Calvert for Hooking.
2:45 of 2nd period - Casey Cizikas wins face-off versus Patrice Bergeron in SALEM BLACK JAYS zone.
3:14 of 2nd period - Shot by Artemi Panarin.
3:14 of 2nd period - Shot Blocked by Joshua Morrissey.
4:36 of 2nd period - Shot by Artemi Panarin.
4:36 of 2nd period - Stopped by Juuse Saros without a rebound.
4:37 of 2nd period - Patrice Bergeron wins face-off versus Casey Cizikas in SALEM BLACK JAYS zone.
4:55 of 2nd period - Icing by Michal Kempny.
4:56 of 2nd period - Dylan Larkin wins face-off versus Jordan Staal in SALEM BLACK JAYS zone.
4:56 of 2nd period - Dylan Larkin is hit by Zach Aston-Reese.
5:10 of 2nd period - Shot by Mikko Rantanen.
5:10 of 2nd period - Stopped by Pekka Rinne without a rebound.
5:11 of 2nd period - Patrice Bergeron wins face-off versus Mathew Barzal in COLORADO GLACIERCATS zone.
5:44 of 2nd period - Shot by Patrice Bergeron.
5:44 of 2nd period - Stopped by Juuse Saros without a rebound.
5:45 of 2nd period - Dylan Larkin wins face-off versus Lucas Wallmark in SALEM BLACK JAYS zone.
5:45 of 2nd period - Dylan Larkin is hit by Joe Pavelski.
5:59 of 2nd period - Shot by Paul Byron.
5:59 of 2nd period - Shot Blocked by Joshua Morrissey.
6:10 of 2nd period - Shot by Mikko Rantanen.
6:10 of 2nd period - Shot Hit the Post.
6:37 of 2nd period - Icing by Mark Giordano.
6:38 of 2nd period - Lucas Wallmark wins face-off versus Mathew Barzal in COLORADO GLACIERCATS zone.
7:09 of 2nd period - Shot by Artemi Panarin.
7:09 of 2nd period - Shot Misses the Net.
7:12 of 2nd period - Icing by Zach Bogosian.
7:13 of 2nd period - Jordan Staal wins face-off versus Mathew Barzal in SALEM BLACK JAYS zone.
7:18 of 2nd period - Shot by Zach Aston-Reese.
7:18 of 2nd period - Stopped by Juuse Saros without a rebound.
7:19 of 2nd period - Casey Cizikas wins face-off versus Jordan Staal in SALEM BLACK JAYS zone.
8:36 of 2nd period - Cody Ceci is hit by Artemi Panarin and loses puck.
8:40 of 2nd period - Icing by Zach Bogosian.
8:41 of 2nd period - Lucas Wallmark wins face-off versus Mathew Barzal in SALEM BLACK JAYS zone.
8:49 of 2nd period - Icing by Cody Ceci.
8:50 of 2nd period - Patrice Bergeron wins face-off versus Mathew Barzal in SALEM BLACK JAYS zone.
8:58 of 2nd period - Off-side.
8:59 of 2nd period - Filip Chytil wins face-off versus Lucas Wallmark in neutral zone.
9:22 of 2nd period - Shot by Joe Pavelski.
9:22 of 2nd period - Stopped by Juuse Saros without a rebound.
9:23 of 2nd period - Patrice Bergeron wins face-off versus Dylan Larkin in SALEM BLACK JAYS zone.
9:34 of 2nd period - Shot by Dylan Larkin.
9:34 of 2nd period - Stopped by Pekka Rinne with a rebound.
10:39 of 2nd period - Icing by Cody Ceci.
10:40 of 2nd period - Jordan Staal wins face-off versus Mathew Barzal in SALEM BLACK JAYS zone.
11:17 of 2nd period - Shot by Mitchell Marner.
11:17 of 2nd period - Stopped by Pekka Rinne with a rebound.
11:47 of 2nd period - Shot by Dylan Larkin.
11:47 of 2nd period - Shot Misses the Net.
11:49 of 2nd period - Shot by Casey Cizikas.
11:49 of 2nd period - Shot Blocked by Ben Lovejoy.
11:51 of 2nd period - Shot by Dylan Larkin.
11:51 of 2nd period - Stopped by Pekka Rinne without a rebound.
11:52 of 2nd period - Patrice Bergeron wins face-off versus Filip Chytil in COLORADO GLACIERCATS zone.
12:16 of 2nd period - Shot by Mitchell Marner.
12:16 of 2nd period - Stopped by Pekka Rinne with a rebound.
12:42 of 2nd period - Shot by Dylan Larkin.
12:42 of 2nd period - Shot Blocked by Devin Shore.
12:57 of 2nd period - Icing by Mikko Rantanen.
12:58 of 2nd period - Dylan Larkin wins face-off versus Lucas Wallmark in SALEM BLACK JAYS zone.
13:07 of 2nd period - Shot by Mikko Rantanen.
13:07 of 2nd period - Stopped by Pekka Rinne without a rebound.
13:08 of 2nd period - Lucas Wallmark wins face-off versus Casey Cizikas in COLORADO GLACIERCATS zone.
13:15 of 2nd period - Dylan Larkin is hit by Paul Byron and loses puck.
13:26 of 2nd period - Shot by Casey Cizikas.
13:26 of 2nd period - Shot Misses the Net.
13:28 of 2nd period - Shot by Trevor Lewis.
13:28 of 2nd period - Shot Misses the Net.
14:22 of 2nd period - Shot by Mathew Barzal.
14:22 of 2nd period - Stopped by Pekka Rinne without a rebound.
14:23 of 2nd period - Patrice Bergeron wins face-off versus Filip Chytil in COLORADO GLACIERCATS zone.
14:28 of 2nd period - Joshua Morrissey is hit by Patrice Bergeron and loses puck.
14:55 of 2nd period - Shot by Patrice Bergeron.
14:55 of 2nd period - Stopped by Juuse Saros with a rebound.
14:57 of 2nd period - Shot by Patrice Bergeron.
14:57 of 2nd period - Deflect By Artemi Panarin.
14:57 of 2nd period - Stopped by Juuse Saros without a rebound.
14:58 of 2nd period - Jordan Staal wins face-off versus Dylan Larkin in SALEM BLACK JAYS zone.
14:58 of 2nd period - Zach Aston-Reese is hit by Cody Ceci and loses puck.
15:02 of 2nd period - Icing by Cody Ceci.
15:03 of 2nd period - Jordan Staal wins face-off versus Dylan Larkin in SALEM BLACK JAYS zone.
15:04 of 2nd period - Shot by Zach Aston-Reese.
15:04 of 2nd period - Stopped by Juuse Saros with a rebound.
15:44 of 2nd period - Shot by Mikko Rantanen.
15:44 of 2nd period - Stopped by Pekka Rinne without a rebound.
15:45 of 2nd period - Patrice Bergeron wins face-off versus Mathew Barzal in COLORADO GLACIERCATS zone.
15:54 of 2nd period - Mitchell Marner is hit by Devin Shore and loses puck.
16:00 of 2nd period - Icing by Michal Kempny.
16:01 of 2nd period - Lucas Wallmark wins face-off versus Mathew Barzal in SALEM BLACK JAYS zone.
16:03 of 2nd period - Minor Penalty to Scott Mayfield for Holding.
16:04 of 2nd period - Casey Cizikas wins face-off versus Artemi Panarin in SALEM BLACK JAYS zone.
16:15 of 2nd period - Shot by Patrice Bergeron.
16:15 of 2nd period - Deflect By Artemi Panarin.
16:15 of 2nd period - Shot Blocked by Matthew Calvert.
16:17 of 2nd period - Shot by Mark Giordano.
16:17 of 2nd period - Stopped by Juuse Saros with a rebound.
17:13 of 2nd period - Shot by Paul Byron.
17:13 of 2nd period - Stopped by Juuse Saros without a rebound.
17:14 of 2nd period - Casey Cizikas wins face-off versus Jordan Staal in SALEM BLACK JAYS zone.
17:14 of 2nd period - Casey Cizikas is hit by Zach Aston-Reese.
17:36 of 2nd period - Shot by Paul Byron.
17:36 of 2nd period - Deflect By Zach Aston-Reese.
17:36 of 2nd period - Shot Blocked by Zach Bogosian.
17:38 of 2nd period - Shot by Jordan Staal.
17:38 of 2nd period - Deflect By Paul Byron.
17:38 of 2nd period - Shot Blocked by Adam Larsson.
17:40 of 2nd period - Shot by Ryan Ellis.
17:40 of 2nd period - Stopped by Juuse Saros without a rebound.
17:41 of 2nd period - Dylan Larkin wins face-off versus Patrice Bergeron in SALEM BLACK JAYS zone.
17:49 of 2nd period - Icing by Mark Giordano.
17:50 of 2nd period - Patrice Bergeron wins face-off versus Dylan Larkin in COLORADO GLACIERCATS zone.
18:18 of 2nd period - Icing by Ryan Ellis.
18:19 of 2nd period - Matthew Calvert wins face-off versus Jay Beagle in COLORADO GLACIERCATS zone.
18:33 of 2nd period - Shot by Dylan Larkin.
18:33 of 2nd period - Stopped by Pekka Rinne without a rebound.
18:34 of 2nd period - Mathew Barzal wins face-off versus Lucas Wallmark in COLORADO GLACIERCATS zone.
18:43 of 2nd period - Shot by Joe Pavelski.
18:43 of 2nd period - Shot Misses the Net.
18:45 of 2nd period - Shot by Paul Byron.
18:45 of 2nd period - Shot Misses the Net.
18:52 of 2nd period - Joe Pavelski is hit by Michal Kempny and loses puck.
19:35 of 2nd period - Shot by Artemi Panarin.
19:35 of 2nd period - Shot Blocked by Mitchell Marner.
19:37 of 2nd period - Shot by Shea Weber.
19:37 of 2nd period - Shot Misses the Net.
19:39 of 2nd period - Shot by Ryan Ellis.
19:39 of 2nd period - Goal by Ryan Ellis - COLORADO GLACIERCATS : 4 - SALEM BLACK JAYS : 3.
19:40 of 2nd period - Jordan Staal wins face-off versus Dylan Larkin in neutral zone.
Goals for this period are 1 for COLORADO GLACIERCATS vs 0 for SALEM BLACK JAYS.
Shots for this period are 12 for COLORADO GLACIERCATS vs 10 for SALEM BLACK JAYS.

3rd period


0:01 of 3rd period - Patrice Bergeron wins face-off versus Dylan Larkin in neutral zone.
0:06 of 3rd period - Shot by Patrice Bergeron.
0:06 of 3rd period - Stopped by Juuse Saros without a rebound.
0:07 of 3rd period - Dylan Larkin wins face-off versus Patrice Bergeron in SALEM BLACK JAYS zone.
0:16 of 3rd period - Shot by Mikko Rantanen.
0:16 of 3rd period - Deflect By Dylan Larkin.
0:16 of 3rd period - Stopped by Pekka Rinne with a rebound.
0:28 of 3rd period - Shot by Mikko Rantanen.
0:28 of 3rd period - Shot Blocked by Shea Weber.
0:30 of 3rd period - Shot by Dylan Larkin.
0:30 of 3rd period - Stopped by Pekka Rinne with a rebound.
0:46 of 3rd period - Shot by Dylan Larkin.
0:46 of 3rd period - Shot Misses the Net.
1:17 of 3rd period - Icing by Mikko Rantanen.
1:18 of 3rd period - Jordan Staal wins face-off versus Dylan Larkin in SALEM BLACK JAYS zone.
1:19 of 3rd period - Shot by Carl Hagelin.
1:19 of 3rd period - Shot Blocked by Zach Bogosian.
1:21 of 3rd period - Shot by Carl Hagelin.
1:21 of 3rd period - Shot Misses the Net.
1:23 of 3rd period - Shot by Zach Aston-Reese.
1:23 of 3rd period - Stopped by Juuse Saros without a rebound.
1:24 of 3rd period - Lucas Wallmark wins face-off versus Mathew Barzal in SALEM BLACK JAYS zone.
1:27 of 3rd period - Shot by Joe Pavelski.
1:27 of 3rd period - Stopped by Juuse Saros without a rebound.
1:28 of 3rd period - Mathew Barzal wins face-off versus Lucas Wallmark in SALEM BLACK JAYS zone.
1:33 of 3rd period - Shot by Mathew Barzal.
1:33 of 3rd period - Shot Blocked by John Klingberg.
1:46 of 3rd period - Off-side.
1:47 of 3rd period - Patrice Bergeron wins face-off versus Filip Chytil in neutral zone.
2:00 of 3rd period - Shot by Mitchell Marner.
2:00 of 3rd period - Goal by Mitchell Marner - COLORADO GLACIERCATS : 4 - SALEM BLACK JAYS : 4.
2:01 of 3rd period - Casey Cizikas wins face-off versus Lucas Wallmark in neutral zone.
2:53 of 3rd period - Icing by Casey Cizikas.
2:54 of 3rd period - Casey Cizikas wins face-off versus Patrice Bergeron in SALEM BLACK JAYS zone.
2:54 of 3rd period - Casey Cizikas is hit by Devin Shore.
3:01 of 3rd period - Off-side.
3:02 of 3rd period - Mathew Barzal wins face-off versus Devin Shore in neutral zone.
3:11 of 3rd period - Shot by Mitchell Marner.
3:11 of 3rd period - Stopped by Pekka Rinne with a rebound.
3:18 of 3rd period - Icing by Ben Lovejoy.
3:19 of 3rd period - Patrice Bergeron wins face-off versus Filip Chytil in COLORADO GLACIERCATS zone.
3:51 of 3rd period - Shot by Patrice Bergeron.
3:51 of 3rd period - Goal by Patrice Bergeron - COLORADO GLACIERCATS : 5 - SALEM BLACK JAYS : 4.
3:52 of 3rd period - Lucas Wallmark wins face-off versus Dylan Larkin in neutral zone.
3:55 of 3rd period - Shot by Joe Pavelski.
3:55 of 3rd period - Stopped by Juuse Saros without a rebound.
3:56 of 3rd period - Dylan Larkin wins face-off versus Paul Byron in SALEM BLACK JAYS zone.
4:17 of 3rd period - Shot by Mikko Rantanen.
4:17 of 3rd period - Shot Misses the Net.
4:19 of 3rd period - Shot by Mikko Rantanen.
4:19 of 3rd period - Shot Misses the Net.
4:27 of 3rd period - Adam Larsson is hit by Joe Pavelski and loses puck.
4:38 of 3rd period - Shot by Dylan Larkin.
4:38 of 3rd period - Deflect By Mikko Rantanen.
4:38 of 3rd period - Stopped by Pekka Rinne with a rebound.
4:53 of 3rd period - Off-side.
4:54 of 3rd period - Mathew Barzal wins face-off versus Artemi Panarin in neutral zone.
4:56 of 3rd period - Mitchell Marner is hit by Patrice Bergeron and loses puck.
5:03 of 3rd period - Shot by Mathew Barzal.
5:03 of 3rd period - Stopped by Pekka Rinne with a rebound.
5:05 of 3rd period - Shot by Mathew Barzal.
5:05 of 3rd period - Stopped by Pekka Rinne without a rebound.
5:06 of 3rd period - Jordan Staal wins face-off versus Filip Chytil in COLORADO GLACIERCATS zone.
6:01 of 3rd period - Shot by Artemi Panarin.
6:01 of 3rd period - Shot Misses the Net.
6:03 of 3rd period - Shot by Shea Weber.
6:03 of 3rd period - Stopped by Juuse Saros without a rebound.
6:04 of 3rd period - Dylan Larkin wins face-off versus Lucas Wallmark in SALEM BLACK JAYS zone.
7:37 of 3rd period - Shot by Patrice Bergeron.
7:37 of 3rd period - Shot Misses the Net.
7:39 of 3rd period - Shot by Ryan Ellis.
7:39 of 3rd period - Stopped by Juuse Saros with a rebound.
8:02 of 3rd period - Jordan Staal is hit by Scott Mayfield and loses puck.
8:09 of 3rd period - Shot by Carl Hagelin.
8:09 of 3rd period - Stopped by Juuse Saros without a rebound.
8:10 of 3rd period - Casey Cizikas wins face-off versus Jay Beagle in SALEM BLACK JAYS zone.
8:20 of 3rd period - Icing by John Klingberg.
8:21 of 3rd period - Jay Beagle wins face-off versus Filip Chytil in COLORADO GLACIERCATS zone.
8:25 of 3rd period - Icing by Mark Giordano.
8:26 of 3rd period - Jay Beagle wins face-off versus Casey Cizikas in COLORADO GLACIERCATS zone.
8:45 of 3rd period - Shot by John Klingberg.
8:45 of 3rd period - Shot Misses the Net.
8:47 of 3rd period - Shot by Mark Giordano.
8:47 of 3rd period - Shot Misses the Net.
9:30 of 3rd period - Minor Penalty to Zach Bogosian for Holding.
9:30 of 3rd period - Minor Penalty to Zachary Sanford for Holding.
9:31 of 3rd period - Patrice Bergeron wins face-off versus Mathew Barzal in SALEM BLACK JAYS zone.
9:35 of 3rd period - Artemi Panarin is hit by Michal Kempny and loses puck.
9:48 of 3rd period - Shot by Artemi Panarin.
9:48 of 3rd period - Shot Blocked by Mathew Barzal.
9:50 of 3rd period - Shot by Patrice Bergeron.
9:50 of 3rd period - Stopped by Juuse Saros without a rebound.
9:51 of 3rd period - Mathew Barzal wins face-off versus Lucas Wallmark in SALEM BLACK JAYS zone.
10:53 of 3rd period - Shot by Artemi Panarin.
10:53 of 3rd period - Shot Misses the Net.
10:55 of 3rd period - Shot by Shea Weber.
10:55 of 3rd period - Stopped by Juuse Saros with a rebound.
11:58 of 3rd period - Filip Chytil is hit by Ilya Lyubushkin and loses puck.
12:09 of 3rd period - Filip Chytil is hit by Ilya Lyubushkin and loses puck.
13:13 of 3rd period - Shot by Joe Pavelski.
13:13 of 3rd period - Stopped by Juuse Saros without a rebound.
13:14 of 3rd period - Patrice Bergeron wins face-off versus Mathew Barzal in SALEM BLACK JAYS zone.
13:17 of 3rd period - Shot by Patrice Bergeron.
13:17 of 3rd period - Stopped by Juuse Saros without a rebound.
13:18 of 3rd period - Patrice Bergeron wins face-off versus Filip Chytil in SALEM BLACK JAYS zone.
13:32 of 3rd period - Shot by Artemi Panarin.
13:32 of 3rd period - Shot Blocked by Mitchell Marner.
14:20 of 3rd period - Icing by Ryan Ellis.
14:21 of 3rd period - Lucas Wallmark wins face-off versus Casey Cizikas in COLORADO GLACIERCATS zone.
14:21 of 3rd period - Lucas Wallmark is hit by Casey Cizikas.
14:24 of 3rd period - Icing by Paul Byron.
14:25 of 3rd period - Lucas Wallmark wins face-off versus Casey Cizikas in COLORADO GLACIERCATS zone.
14:25 of 3rd period - Lucas Wallmark is hit by Casey Cizikas.
14:31 of 3rd period - Shot by Casey Cizikas.
14:31 of 3rd period - Stopped by Pekka Rinne without a rebound.
14:32 of 3rd period - Dylan Larkin wins face-off versus Lucas Wallmark in COLORADO GLACIERCATS zone.
14:33 of 3rd period - Shot by Mikko Rantanen.
14:33 of 3rd period - Shot Blocked by Ryan Ellis.
15:13 of 3rd period - Adam Larsson is hit by Lucas Wallmark.
15:43 of 3rd period - Artemi Panarin is hit by Cody Ceci.
16:03 of 3rd period - Shot by Artemi Panarin.
16:03 of 3rd period - Shot Misses the Net.
16:53 of 3rd period - Shot by Jordan Staal.
16:53 of 3rd period - Shot Misses the Net.
16:55 of 3rd period - Shot by Zach Aston-Reese.
16:55 of 3rd period - Shot Misses the Net.
16:57 of 3rd period - Shot by Carl Hagelin.
16:57 of 3rd period - Stopped by Juuse Saros without a rebound.
16:58 of 3rd period - Dylan Larkin wins face-off versus Jay Beagle in SALEM BLACK JAYS zone.
18:41 of 3rd period - Off-side.
18:42 of 3rd period - Filip Chytil wins face-off versus Patrice Bergeron in neutral zone.
18:58 of 3rd period - Patrice Bergeron is hit by Joshua Morrissey and loses puck.
19:04 of 3rd period - Artemi Panarin is hit by Joshua Morrissey and loses puck.
Goals for this period are 1 for COLORADO GLACIERCATS vs 1 for SALEM BLACK JAYS.
Shots for this period are 13 for COLORADO GLACIERCATS vs 8 for SALEM BLACK JAYS.


RYAN
NUGENT-HOPKINS
THATCHER
DEMKO
MITCHELL
MARNER

EAST COAST

HOCKEY LEAGUE

  • 13.MAN3PIT5
  • 14.NHW2ATL3
  • 15.PET5WOR4
  • 16.RHI30
  • 17.QUECHI
  • 18.CHALIM
  • 19.TRVLON
  • 20.CHWBAL